 Dungeon Crawl Stone Soup version 0.28.0 (webtiles) character file.

Game seed: 15888332532839743202

278 hikkokomori the Digger (level 6, -3/82 HPs)
             Began as a Gargoyle Earth Elementalist on Feb 15, 2022.
             Slain by a gnoll sergeant (8 damage)
             ... on level 3 of the Dungeon.
             The game lasted 00:14:19 (4678 turns).

hikkokomori the Digger (GrEE)                       Turns: 4678, Time: 00:14:20

Health: -3/82      AC: 23    Str: 11    XL:     6   Next: 26%
Magic:  9/9        EV:  2    Int: 18    God:
Gold:   115        SH:  0    Dex: 10    Spells: 8/9 levels left

rFire   . . .      SeeInvis .   u - +1 falchion (holy)
rCold   . . .      Faith    .   (no shield)
rNeg    + . .      Spirit   .   (armour currently unavailable)
rPois   ∞          Reflect  .   (helmet currently unavailable)
rElec   .          Harm     .   (cloak currently unavailable)
rCorr   .          Rampage  .   (gloves currently unavailable)
Will    +....      NoTele   +   (boots currently unavailable)
Stlth   ..........              (no amulet)
HPRegen 0.23/turn               v - ring of willpower
MPRegen 0.11/turn               (no ring)

@: berserking, tree-form, very quick
A: stationary, stasis, torment immunity, boosted hp, sickness immunity, AC +4,
negative energy resistance 1, (electricity resistance), torment resistance 1,
petrification resistance
a: no special abilities


You were on level 3 of the Dungeon.
You were a tree.
You visited 1 branch of the dungeon, and saw 4 of its levels.

You collected 115 gold pieces.

Inventory:

Hand Weapons
 h - a +0 club
 j - a +0 short sword
 u - a +1 falchion of holy wrath (weapon)
Missiles
 c - 96 stones
Armour
 b - a +0 robe
 o - the +5 scale mail of Duty (melded) {Rampage Str-2 Dex+5}
   (You found it on level 2 of the Dungeon)

   Str:       It affects your strength (-2).
   Dex:       It affects your dexterity (+5).
   Rampage:   It bestows one free step when moving towards enemies.
 r - a +1 helmet (melded)
Jewellery
 v - a ring of willpower (left branch)
Wands
 i - a wand of mindburst (6)
 k - a wand of iceblast (7)
 p - a wand of flame (35)
 s - a wand of digging (4)
Scrolls
 n - 2 scrolls of blinking {unknown}
 q - a scroll of teleportation {unknown}
 t - 2 scrolls of magic mapping {unknown}
Potions
 a - a potion of cancellation {unknown}
 d - 2 potions of brilliance {unknown}
 e - a potion of ambrosia
 g - 2 potions of mutation


   Skills:
 + Level 3.3 Fighting
 - Level 1.5 Dodging
 - Level 4.4 Stealth
 - Level 2.0 Spellcasting
 - Level 1.7 Transmutations
 + Level 5.3 Earth Magic


You had 8 spell levels left.
You knew the following spells:

 Your Spells              Type           Power      Damage    Failure   Level
a - Sandblast             Erth           42%        2d11      1%          1

Your spell library contained the following spells:

 Spells                   Type           Power      Damage    Failure   Level
 Passwall                 Tmut/Erth      11%        N/A       6%          2
 Stone Arrow              Conj/Erth      22%        3d8       19%         3
 Petrify                  Tmut/Erth      14%        N/A       38%         4


Dungeon Overview and Level Annotations

Branches:
Dungeon (4/15)
 Temple: D:4-7

Altars:
Okawaru
Trog

Shops:
D:1 ?


Innate Abilities, Weirdness & Mutations

You are a tree.
Your roots penetrate the ground, keeping you stationary.
You cannot be teleported.
You are immune to unholy pain and torment.
Your maximum health is greatly increased.
Your equipment is partially melded.
You are immune to sickness and miasma.
((Your stone body is resilient. (AC +4)))
You are immune to poison.
You resist negative energy. (rN+)
((You are resistant to electric shocks. (rElec)))
You are resistant to unholy torment.
You are immune to petrification.


Message History

Really quaff the potion of lignification?
You turn into a tree.
Your +1 helmet melds into your body.
The +5 scale mail of Duty {Rampage Str-2 Dex+5} melds into your body.
Your roots penetrate the ground.
The gnoll sergeant hits you but does no damage.
You are confused.
You feel invigorated.
The gnoll sergeant hits you with a +3 spear of venom.
* * * LOW HITPOINT WARNING * * *
You cannot move. (Use ctrl+direction or * direction to attack without moving.)
You cannot move. (Use ctrl+direction or * direction to attack without moving.) Unknown command.
You cannot move. (Use ctrl+direction or * direction to attack without moving.) Unknown command.
You swing at nothing.
The gnoll sergeant hits you but does no damage.
You attack the rock wall.
You feel less invigorated.
You feel less confused.
The gnoll sergeant hits you with a +3 spear of venom.
* * * LOW HITPOINT WARNING * * *
Your magical contamination has completely faded away.
A red film seems to cover your vision as you go berserk!
You feel yourself moving faster!
You feel mighty!
The gnoll sergeant completely misses you.
You completely miss the gnoll sergeant.
The gnoll sergeant is moderately wounded.
The gnoll sergeant hits you with a +3 spear of venom!
* * * LOW HITPOINT WARNING * * *
You closely miss the gnoll sergeant.
The gnoll sergeant is moderately wounded.
The gnoll sergeant hits you with a +3 spear of venom.
* * * LOW HITPOINT WARNING * * *
You are too berserk!
You hit the gnoll sergeant but do no damage.
The gnoll sergeant is moderately wounded.
The gnoll sergeant hits you but does no damage.
You barely miss the gnoll sergeant.
The gnoll sergeant is moderately wounded.
The gnoll sergeant hits you with a +3 spear of venom!
You die...

### ## #.# #######.
#.########### #....†..
#......♣....# #.#####.
#.##...g###.#####.# #.
#..#.#..........#.#####.
###.#.#######.........##.
#...#.................##.
###.###########.........##.
#...<# #.........##. #.##.#
##........##.
#.#..###########........##.


You could see a gnoll sergeant.

Vanquished Creatures
  A scorpion (D:4)
  A hound (D:4)
  Ijyb (D:4)
  Robin (D:3)
  2 gnolls (D:4)
  3 adders
  An ufetubus (D:4)
  An adder skeleton (D:4)
  2 worms
  5 dart slugs
  3 orcs
  5 endoplasms
  2 giant cockroaches
  18 goblins
  6 hobgoblins
  5 jackals
  7 ball pythons
  3 bats
  2 frilled lizards (D:2)
  6 kobolds
  6 rats
81 creatures vanquished.

Vanquished Creatures (others)
  An orc (D:4)
  A plant (D:3)
2 creatures vanquished.

Grand Total: 83 creatures vanquished

Notes
Turn   | Place    | Note
-------+----------+-------------------------------------------
     0 | D:1      | hikkokomori the Gargoyle Earth Elementalist began the quest
                  | for the Orb.
     0 | D:1      | Reached XP level 1. HP: 10/10 MP: 3/3
     4 | D:1      | Noticed a ghoul
     6 | D:1      | Noticed a demigod
     7 | D:1      | Noticed a tengu
    11 | D:1      | Noticed a tengu
    17 | D:1      | Noticed a demonspawn zombie
    19 | D:1      | Noticed a barachi
    45 | D:1      | Found Yhummann's Magic Scroll Emporium.
   264 | D:1      | Reached skill level 1 in Transmutations
   507 | D:1      | Reached XP level 2. HP: 16/16 MP: 3/5
   871 | D:1      | Reached skill level 1 in Fighting
   901 | D:1      | Reached skill level 4 in Earth Magic
   914 | D:1      | Reached XP level 3. HP: 17/20 MP: 6/6
  1371 | D:2      | Found a faded altar of an unknown god.
  1907 | D:2      | Found a bloodstained altar of Trog.
  2560 | D:2      | Identified the +5 scale mail of Duty {Rampage Str-2 Dex+5}
  2680 | D:3      | Noticed Robin
  2703 | D:3      | Reached XP level 4. HP: 25/25 MP: 5/7
  3010 | D:3      | Killed Robin
  3883 | D:4      | Noticed Ijyb
  3936 | D:4      | Killed Ijyb
  3937 | D:4      | Reached XP level 5. HP: 17/31 MP: 8/8
  4401 | D:4      | Reached skill level 5 in Earth Magic
  4405 | D:4      | Reached XP level 6. HP: 11/37 MP: 5/9
  4654 | D:4      | Found an iron altar of Okawaru.
  4676 | D:3      | HP: 4/82 [gnoll sergeant (4)]
  4678 | D:3      | Slain by a gnoll sergeant

Illustrated notes

Levels and vault maps discovered:
D:1:      shiori_arrival_whats_in_store_for_you, layout_basic, serial_shops,
          nicolae_shop_advertising_works [nicolae_subvault_shop_adworks]
D:2:      layout_loops_corners, nicolae_ecumenical_pavilion, basic_altar
D:3:      layout_basic, serial_corexii_hall, chequers_hall_statues_corner_a,
          corexii_hall_statues_x, corexii_hall_statues_x,
          chequers_hall_statues_wall_a, chequers_hall_statues_corner_a,
          chequers_hall_statues_wall_a, minmay_misc_feat_rugged,
          amcnicky_mini_corridor_feature, guppyfry_early_lair_pool, uniq_robin
D:4:      layout_cave_pods, grunt_temple_overflow_bloody_war,
          saegor_snake_ambush, uniq_menkaure, uniq_ijyb

Skill      XL: |  1  2  3  4  5 |
---------------+----------------+-----
Transmutations | 1 |  1.7
Fighting       | 1 2 3 |  3.3
Earth Magic    | 4 5 |  5.3
Stealth        | 3 4 |  4.4
Dodging        | |  1.5
Spellcasting   | |  2.0

Action                   |  1- 3 |  4- 6 || total
-------------------------+-------+-------++-------
Melee: Unarmed           |    18 |       ||    18
       Short sword       |    81 |    62 ||   143
       Club              |     4 |       ||     4
       Falchion          |       |   111 ||   111
 Cast: Sandblast         |    18 |    42 ||    60
  Use: Scroll            |     1 |     3 ||     4
       Potion            |       |     5 ||     5
 Stab: Sleeping          |     5 |       ||     5
Armor: Robe              |    34 |       ||    34
       Scale mail        |     2 |   155 ||   157
       Skin              |       |     3 ||     3
Dodge: Dodged            |    59 |    89 ||   148
